 Dungeon Crawl Stone Soup version 0.21.1-1-g345015fe64 (webtiles) character file.

312 KingHarkinian the Changer (level 6, 0/70 HPs)
             Began as a Draconian Transmuter on Apr 16, 2018.
             Slain by Goboxel's ghost (7 damage)
             ... on level 3 of the Dungeon.
             The game lasted 00:33:55 (4476 turns).

KingHarkinian the Changer (Draconian Transmuter)    Turns: 4476, Time: 00:33:55

Health: 0/70       AC: 23    Str: 12    XL:     6   Next: 18%
Magic:  3/9        EV:  2    Int: 16    God:
Gold:   228        SH:  2    Dex: 11    Spells: 3/9 levels left

rFire    . . .     SeeInvis .     - Unarmed
rCold    . . .     Gourm    .   (no shield)
rNeg     + + +     Faith    .   (armour unavailable)
rPois    +         Spirit   .   (helmet currently unavailable)
rElec    .         Reflect  +   (cloak currently unavailable)
rCorr    .         Harm     .   (gloves currently unavailable)
MR       +....     NoTele   +   (boots currently unavailable)
Stlth    +.........             q - +2 amulet of reflection
HPRegen  0.21/turn              m - ring of protection from magic
MPRegen  0.11/turn              (no ring)

@: tree-form
A: unfitting armour, AC +6
a: no special abilities


You were on level 3 of the Dungeon.
You were hungry.
You were a tree.
You visited 1 branch of the dungeon, and saw 4 of its levels.

You collected 228 gold pieces.


Innate Abilities, Weirdness & Mutations

((Your plain brown scales are hard. (AC +6)))
You cannot fit into any form of body armour.
((You are cold-blooded and may be slowed by cold attacks.))


   Skills:
 - Level 1.1 Fighting
 - Level 1.7 Dodging
 + Level 4.4 Unarmed Combat
 - Level 2.0 Spellcasting
 * Level 5.1 Transmutations
 - Level 2.0 Poison Magic


You had 3 spell levels left.
You knew the following spells:

 Your Spells              Type           Power        Failure   Level  Hunger
a - Beastly Appendage     Tmut           ###...       2%          1    #......
s - Sticks to Snakes      Tmut           ###.....     3%          2    ###....
O - Spider Form           Tmut/Pois      ##........   14%         3    ###....

Inventory:

Hand Weapons
 p - a +4 quarterstaff of chaos
Missiles
 a - 6 arrows
 c - 135 stones (quivered)
Armour
 o - a +2 cloak (melded)
Jewellery
 m - a ring of protection from magic (left branch)
 q - a +2 amulet of reflection (around neck)
Scrolls
 e - a scroll of random uselessness {unknown}
 f - a scroll of amnesia {unknown}
 h - a scroll of fog
 j - a scroll of enchant weapon {unknown}
 l - a scroll of immolation {unknown}
 n - a scroll of fear {unknown}
 r - a scroll of teleportation {unknown}
 M - 2 scrolls of magic mapping
 R - a scroll of identify {@r1}
Potions
 g - 2 potions of agility
 i - a potion of degeneration {!q}
 k - a potion of invisibility
 Q - a potion of curing {@q1}
Books
 b - a book of Changes

   Spells                             Type                      Level
   a - Beastly Appendage              Transmutation                1
   b - Sticks to Snakes               Transmutation                2
   c - Spider Form                    Transmutation/Poison         3
   d - Ice Form                       Ice/Transmutation            4
   e - Blade Hands                    Transmutation                5
Comestibles
 z - 8 rations

Dungeon Overview and Level Annotations

Branches:
Dungeon (4/15)
 Temple: D:4-7

Altars:
Makhleb
Trog
The Shining One

Annotations:
D:3 Goboxel's ghost, amateur GnSk

## #.......######## .#
#.......#......# .##
#.......#......####### ..#
#.......'...(........#
#.##
#.......#......####.##
#..# #.....#.#......# #.#
(..###.....#.#......####.#
(...##.....#.#...........#
....########.#S.♣....#####
....## #.....W.###.#
...).# #.......# #.#
...#.## #.......# #.#
...#.<# #.......# ...
##.##.## ###'##### ###
#.##..# #.#####+####
#.##.W## #.#........#
#.##...# #.#........#


You could see Goboxel's ghost and a friendly ball python.


Message History

Goboxel's ghost is heavily damaged.
Your ball python barely misses Goboxel's ghost.
Goboxel's ghost hits you but does no damage.
Your ball python closely misses Goboxel's ghost.
You hit Goboxel's ghost.
Goboxel's ghost is heavily damaged.
Your ball python barely misses Goboxel's ghost.
Goboxel's ghost hits you.
* * * LOW HITPOINT WARNING * * *
Your ball python barely misses Goboxel's ghost.
Your ball python bites Goboxel's ghost but does no damage.
You barely miss Goboxel's ghost.
Goboxel's ghost is heavily damaged.
Your ball python withers and dies!
Your ball python closely misses Goboxel's ghost.
Goboxel's ghost hits you.
* * * LOW HITPOINT WARNING * * *
You hit Goboxel's ghost.
Goboxel's ghost is severely damaged.
Your ball python misses Goboxel's ghost.
Goboxel's ghost hits you but does no damage.
You hit Goboxel's ghost but do no damage.
Goboxel's ghost is severely damaged.
Your ball python closely misses Goboxel's ghost.
Goboxel's ghost hits you but does no damage.
You barely miss Goboxel's ghost.
Goboxel's ghost is severely damaged.
Your ball python misses Goboxel's ghost.
Goboxel's ghost hits you!
You die...

Action                   |  1- 3 |  4- 6 || total
-------------------------+-------+-------++-------
Melee: Unarmed           |    85 |   179 ||   264
       Tailslap          |     7 |    17 ||    24
       Kick              |     3 |    31 ||    34
       Punch             |     2 |     2 ||     4
       Headbutt          |     5 |     7 ||    12
Throw: Stone             |    78 |    46 ||   124
 Cast: Beastly Appendage |    14 |    26 ||    40
       Sticks to Snakes  |       |     5 ||     5
  Use: Scroll            |       |     8 ||     8
       Potion            |       |     2 ||     2
 Stab: Sleeping          |       |     2 ||     2
  Eat: Chunk             |     3 |     9 ||    12
Armor: Skin              |    25 |    43 ||    68
Dodge: Dodged            |    48 |    72 ||   120
Block: Other             |       |     3 ||     3

Vault maps used:
D:1:      dpeg_arrival_castle, serial_corexii_hall, corexii_hall_statues_i,
          corexii_hall_statues_i, corexii_hall_statues_l
D:2:      roderic_lattice_a, minmay_misc_feat_five, uniq_crazy_yiuf_cottage,
          uniq_natasha
D:3:      chequers_ecumenical_altar_simple_redux
D:4:      cheibrodos_quashed, nicolae_overflow_hidden_temple,
          lightli_temple_of_fire, first_ration

Notes
Turn   | Place    | Note
-------+----------+-------------------------------------------
     0 | D:1      | KingHarkinian the Draconian Transmuter began the quest for the Orb.
     0 | D:1      | Reached XP level 1. HP: 16/16 MP: 3/3
   296 | D:1      | Reached XP level 2. HP: 23/23 MP: 5/5
   591 | D:1      | Learned a level 2 spell: Sticks to Snakes
  1129 | D:2      | Reached skill level 3 in Transmutations
  1405 | D:2      | Reached XP level 3. HP: 28/28 MP: 4/6
  1529 | D:2      | Noticed Natasha
  1540 | D:2      | Killed Natasha
  1706 | D:2      | Reached XP level 4. HP: 31/35 MP: 7/7
  2066 | D:2      | Learned a level 3 spell: Spider Form
  2217 | D:2      | Noticed Natasha
  2224 | D:2      | Killed Natasha
  2224 | D:2      | Reached skill level 4 in Transmutations
  2239 | D:2      | Found a runed door.
  2364 | D:2      | Noticed Crazy Yiuf
  2372 | D:2      | Killed Crazy Yiuf
  2372 | D:2      | Reached skill level 4 in Unarmed Combat
  2715 | D:3      | Reached XP level 5. HP: 36/40 MP: 6/8
  2847 | D:3      | Noticed Goboxel's ghost (amateur GnSk)
  2868 | D:2      | Noticed Natasha
  2880 | D:2      | Killed Natasha
  2880 | D:2      | Reached skill level 1 in Poison Magic
  4145 | D:4      | Reached skill level 5 in Transmutations
  4145 | D:4      | Reached XP level 6. HP: 40/47 MP: 7/9
  4155 | D:4      | Reached skill level 2 in Poison Magic
  4270 | D:4      | Found a glowing golden altar of the Shining One.
  4380 | D:4      | Found a burning altar of Makhleb.
  4402 | D:4      | Found a bloodstained altar of Trog.
  4473 | D:3      | HP: 7/70 [Goboxel's ghost (6)]
  4476 | D:3      | Slain by Goboxel's ghost

Vanquished Creatures
  2 orc wizards (D:4)
  Crazy Yiuf (D:2)
  An iguana (D:4)
  Natasha (thrice) (D:2)
  A hound skeleton (D:4)
  3 gnolls (D:4)
  2 adders (D:2)
  A dart slug (D:2)
  2 leopard geckos (D:4)
  4 orcs
  4 giant cockroaches
  7 goblins
  10 hobgoblins
  3 jackals (D:2)
  3 kobolds
  A quokka (D:2)
  A ball python (D:4)
  7 bats
  6 frilled lizards
  A jackal skeleton (D:4)
  3 rats (D:1)
66 creatures vanquished.
